 Dungeon Crawl Stone Soup version 0.24.0-1-gfbc8707122 (webtiles) character file.

Game seed: 12769816782380261647, levelgen mode: deterministic

24 Aviak the Sneak (level 3, -1/19 HPs)
             Began as a Kobold Enchanter on Oct 27, 2019.
             Succumbed to Sigmund's poison
             ... on level 2 of the Dungeon.
             The game lasted 00:02:00 (1415 turns).

Aviak the Sneak (Kobold Enchanter)                  Turns: 1415, Time: 00:02:01

Health: -1/19      AC:  3    Str:  5    XL:     3   Next: 15%
Magic:  6/6        EV: 14    Int: 16    God:
Gold:   42         SH:  0    Dex: 16    Spells: 1/7 levels left

rFire    . . .     SeeInvis .   a - +1 dagger
rCold    . . .     Gourm    .   (shield restricted)
rNeg     . . .     Faith    .   k - +0 leather armour (curse)
rPois    .         Spirit   .   (no helmet)
rElec    .         Reflect  .   (no cloak)
rCorr    .         Harm     .   (no gloves)
MR       .....                  (no boots)
Stlth    +++.......             (no amulet)
HPRegen  0.06/turn              (no ring)
MPRegen  0.10/turn              (no ring)

@: lethally poisoned (-1 -> -18), flying
A: small, carnivore
a: no special abilities


You were on level 2 of the Dungeon.
You were not hungry.

You visited 1 branch of the dungeon, and saw 2 of its levels.

You collected 42 gold pieces.

Inventory:

Hand Weapons
 a - a +1 dagger (weapon)
Armour
 b - a +0 robe
 k - a cursed +0 leather armour (worn)
Scrolls
 f - 4 scrolls of identify {unknown}
 g - a scroll of enchant weapon {unknown}
 h - a scroll of blinking {unknown}
 i - a scroll of teleportation {unknown}
 j - a scroll of remove curse {unknown}
 l - a scroll of noise {unknown}
 n - a scroll of enchant armour {unknown}
Potions
 m - 2 potions of might {unknown}
 o - a potion of magic {unknown}
Comestibles
 d - 6 rations


   Skills:
 + Level 2.1 Short Blades
 + Level 2.8 Dodging
 + Level 4.3 Stealth
 + Level 2.5 Spellcasting
 + Level 3.2 Hexes


You had one spell level left.
You knew the following spells:

 Your Spells              Type           Power        Failure   Level  Hunger
a - Corona                Hex            ##.....      9%          1    #......
b - Ensorcelled Hibernat  Hex/Ice        #.....       26%         2    ##.....
c - Confuse               Hex            ##......     26%         3    ###....

Your spell library contained the following spells:

 Spells                   Type           Power        Failure   Level  Hunger
 Tukima's Dance           Hex            ##......     26%         3    ###....
 Dazzling Spray           Conj/Hex       #.....       45%         3    ###....


Dungeon Overview and Level Annotations

Branches:
Dungeon (2/15)

Altars:

Annotations:
D:2 Sigmund


Innate Abilities, Weirdness & Mutations

You are small and have problems with some larger weapons.
You are carnivorous and can eat meat at any time.


Message History

The jackal barely misses you.
The jackal stops to sniff the ground.
The jackal bites you. Something hits you but does no damage.
The jackal barely misses you.
You bump into the rock wall.
You feel less confused. The jackal closely misses you. The jackal misses you.
The jackal bites you.
It was a potion of curing.
You feel better.
The jackal bites you but does no damage.
Something hits you!
Ouch! That really hurt!
The jackal barely misses you.
It was a potion of flight.
You feel very buoyant.
You fly up into the air.
The jackal completely misses you. The jackal closely misses you.
The jackal barely misses you. Something hits you.
* * * LOW HITPOINT WARNING * * *
You are lethally poisoned!
You die...

#.......# #....# #.......
#.......###....##+###.......
#........##.................
#........##.........#.......
####...##.........#.####+#
#.................#.#
#.................#.#
##.........hh......'.#
#.........@.##.....######.#
#.........####.....'......#
#.........# #.....########
#.........# #..........÷..
#.........# #.############
#........÷# #.# #.......).#
#.# #.........# #.#
#.........####.#


You could see 2 jackals.

Vanquished Creatures
  2 oozes
  2 giant cockroaches
  2 goblins
  2 hobgoblins (D:2)
  A bat (D:1)
  3 frilled lizards
  A kobold (D:1)
  4 rats
17 creatures vanquished.

Vanquished Creatures (others)
  A bat (D:2)
1 creature vanquished.

Grand Total: 18 creatures vanquished

Notes
Turn   | Place    | Note
-------+----------+-------------------------------------------
     0 | D:1      | Aviak the Kobold Enchanter began the quest for the Orb.
     0 | D:1      | Reached XP level 1. HP: 10/10 MP: 3/3
   161 | D:1      | Reached XP level 2. HP: 14/15 MP: 5/5
   981 | D:2      | Reached XP level 3. HP: 13/19 MP: 6/6
   997 | D:2      | Learned a level 2 spell: Ensorcelled Hibernation
  1001 | D:2      | Learned a level 3 spell: Confuse
  1376 | D:2      | Noticed Sigmund
  1415 | D:2      | Succumbed to Sigmund's poison

Levels and vault maps discovered:
D:1:      co_arrival_square_in_a_square_in_a_square, layout_basic,
          minmay_misc_feat_rugged
D:2:      layout_basic, elyvilon_altar_4, uniq_sigmund

Skill      XL: |  1  2 |
---------------+-------+-----
Short Blades   | 2 |  2.1
Dodging        | |  2.8
Stealth        | |  4.3
Spellcasting   | |  2.5
Hexes          | |  3.2

Action                   || total
-------------------------++-------
Melee: Dagger            ||    63
 Cast: Ensorcelled Hiber ||     3
       Confuse           ||     1
       Corona            ||     1
  Use: Potion            ||     2
 Stab: Sleeping          ||     5
  Eat: Chunk             ||     2
Armor: Robe              ||     2
       Leather armour    ||     7
Dodge: Dodged            ||    49
